 Dungeon Crawl Stone Soup version 0.18.1-50-g88ac8fd (webtiles) character file.

49 Gargoyl the Skirmisher (level 3, 0/29 HPs)
             Began as a Demonspawn Abyssal Knight on Sept 18, 2016.
             Was a Follower of Lugonu.
             Succumbed to a worker ant's poison
             ... on level 2 of the Dungeon.
             The game lasted 00:03:35 (1907 turns).

Gargoyl the Skirmisher (Demonspawn Abyssal Knight)  Turns: 1907, Time: 00:03:36

Health: 0/29       AC:  9    Str: 13    XL:     3   Next: 53%
Magic:  4/4        EV:  6    Int: 13    God:    Lugonu [*.....]
Gold:   78         SH:  0    Dex: 12    Spells: 0 memorised, 2 levels left

rFire  . . .     SeeInvis .     a - +1 hand axe
rCold  . . .     Gourm    .     j - +0 chain mail
rNeg   . . .     Faith    .     (no shield)
rPois  .         Spirit   .     (no helmet)
rElec  .         Dismiss  .     (no cloak)
rCorr  .         Reflect  .     (no gloves)
SustAt .         Harm     .     d - +0 pair of boots
MR     .....                    (no amulet)
Stlth  ..........               (no ring)
                                (no ring)

@: lethally poisoned (0 -> -6), not resistant to hostile enchantments, extremely
unstealthy
A: talons 1, rot immunity
a: Depart the Abyss, Renounce Religion


You were on level 2 of the Dungeon.
You worshipped Lugonu.
Lugonu was aware of your devotion.
You were not hungry.

You visited 1 branch of the dungeon, and saw 2 of its levels.
You visited the Abyss 1 time.

You collected 78 gold pieces.

Inventory:

Hand Weapons
 a - a +1 hand axe (weapon)
 f - a +0 spear
Missiles
 h - 8 tomahawks (quivered)
Armour
 d - a +0 pair of boots (worn)
 j - a +0 chain mail (worn)
Scrolls
 b - a scroll of teleportation {unknown}
 e - a scroll of remove curse {unknown}
 g - a scroll of identify {unknown}
 k - a scroll of noise {unknown}
Comestibles
 i - 4 chunks of flesh


   Skills:
 + Level 3.4 Fighting
 + Level 2.0 Axes
 * Level 2.2 Armour
 + Level 2.0 Dodging
 + Level 0.2 Stealth
 + Level 2.5 Invocations


You had 2 spell levels left.
You didn't know any spells.

Dungeon Overview and Level Annotations

Branches:
Dungeon (2/15)

Altars:


Innate Abilities, Weirdness & Mutations

You have sharp toenails.
You are immune to rotting.


Message History

You hit the worker ant.
The worker ant is almost dead.
You feel sick. The worker ant bites you.
The worker ant bites you but does no damage.
You hit the worker ant.
The worker ant is almost dead.
You feel sick. The worker ant bites you.
* * * LOW HITPOINT WARNING * * *
You completely miss the worker ant.
The worker ant is almost dead.
* * * LOW HITPOINT WARNING * * *
You feel sick. The worker ant bites you.
* * * LOW HITPOINT WARNING * * *
The worker ant bites you but does no damage.
You barely miss the worker ant.
The worker ant is almost dead.
The worker ant bites you but does no damage.
You closely miss the worker ant.
The worker ant is almost dead.
You die...

####.##
.......
#.....########
.............
........aS.
#.K....K.. #S#
#a# #@# #.##
#..# ##.##
#..# ##.##
#..# ##.#
##'####


You could see a worker ant, an adder and a kobold.

Vanquished Creatures
  An adder (D:2)
  2 worms (D:2)
  2 dart slugs (D:2)
  A giant gecko (D:1)
  4 bats
  2 giant cockroaches (D:1)
  2 hobgoblins (D:1)
  4 jackals (D:1)
  2 kobolds
  2 giant newts (D:1)
  4 goblins
  3 rats (D:1)
29 creatures vanquished.

Notes
Turn   | Place    | Note
--------------------------------------------------------------
     0 | Abyss:1  | Gargoyl the Demonspawn Abyssal Knight began the quest for the Orb.
     0 | Abyss:1  | Reached XP level 1. HP: 18/18 MP: 2/2
     3 | Abyss:1  | Found a corrupted altar of Lugonu.
    46 | Abyss:2  | Found a corrupted altar of Lugonu.
    49 | Abyss:2  | Noticed a smoke demon
    91 | Abyss:2  | Noticed a raiju
    92 | Abyss:2  | Noticed a raiju
    92 | D:1      | Escaped the Abyss
   189 | D:1      | Reached skill level 1 in Dodging
   319 | D:1      | Gained mutation: You have sharp toenails. [demonic ancestry]
   319 | D:1      | Reached XP level 2. HP: 10/24 MP: 3/3
   323 | D:1      | Reached * piety under Lugonu
  1052 | D:2      | Gained mutation: You are immune to rotting. [demonic ancestry]
  1052 | D:2      | Reached XP level 3. HP: 7/29 MP: 4/4
  1905 | D:2      | HP: 1/29 [worker ant (6)]
  1907 | D:2      | Succumbed to a worker ant's poison

Skill      XL: |  1  2  3 |
---------------+----------+-----
Dodging        | 1 2 |  2.0
Armour         | 2 |  2.2
Axes           | 2 |  2.0
Fighting       | |  3.4
Stealth        | |  0.2
Invocations    | |  2.5

Action                   || total
-------------------------++-------
Melee: Hand axe          ||   123
Invok: Depart the Abyss  ||     1
  Use: Potion            ||     1
 Stab: Sleeping          ||     1
  Eat: Bread ration      ||     1
Armor: Leather armour    ||    43
       Chain mail        ||    25
Dodge: Dodged            ||    90
